 Dungeon Crawl Stone Soup version 0.19.5 (webtiles) character file.

74 Darius099 the Shield-Bearer (level 4, -1/29 HPs)
             Began as a Gargoyle Fighter on Mar 2, 2017.
             Slain by Darius099's ghost (10 damage)
             ... on level 3 of the Dungeon.
             The game lasted 00:06:40 (1992 turns).

Darius099 the Shield-Bearer (Gargoyle Fighter)      Turns: 1992, Time: 00:06:41

Health: -1/29      AC: 11    Str: 20    XL:     4   Next: 30%
Magic:  4/4        EV:  7    Int:  8    God:
Gold:   124        SH:  9    Dex: 10    Spells: 0 memorised, 3 levels left

rFire  . . .     SeeInvis .     a - +0 flail
rCold  . . .     Gourm    .     b - +0 scale mail
rNeg   + . .     Faith    .     c - +0 shield
rPois  ∞         Spirit   .     (no helmet)
rElec  +         Reflect  .     n - +0 cloak
rCorr  .         Harm     .     (no gloves)
MR     .....                    (no boots)
Stlth  ..........               (no amulet)
                                (no ring)
                                (no ring)

@: no status effects
A: negative energy resistance 1, electricity resistance, unbreathing,
petrification resistance, rot immunity, AC +3
a: no special abilities


You were on level 3 of the Dungeon.
You were not hungry.

You visited 1 branch of the dungeon, and saw 3 of its levels.

You collected 124 gold pieces.

Inventory:

Hand Weapons
 a - a +0 flail (weapon)
Armour
 b - a +0 scale mail (worn)
 c - a +0 shield (worn)
 n - a +0 cloak (worn)
Scrolls
 e - 3 scrolls of teleportation {unknown}
 f - a scroll of fog {unknown}
 g - 4 scrolls of identify {unknown}
 i - a scroll of immolation {unknown}
 m - 2 scrolls of enchant armour {unknown}
 p - a scroll of amnesia {unknown}
Potions
 d - a potion of might
 h - a potion of heal wounds {unknown}
 j - a potion of berserk rage {unknown}
 k - 2 potions of agility {unknown}
 o - a potion of curing {unknown}
 r - a potion of lignification {unknown}
Comestibles
 l - a beef jerky
 q - 2 royal jellies
 s - a bread ration
 t - a meat ration


   Skills:
 + Level 3.7 Fighting
 + Level 2.7 Maces & Flails
 + Level 3.8 Armour
 + Level 0.4 Dodging
 + Level 4.1 Shields


You had 3 spell levels left.
You didn't know any spells.

Dungeon Overview and Level Annotations

Branches:
Dungeon (3/15)

Altars:

Annotations:
D:3 Darius099's ghost, amateur TrMo


Innate Abilities, Weirdness & Mutations

You are resistant to torment.
Your stone body is resilient. (AC +3)
You are immune to poison.
You resist negative energy. (rN+)
You are resistant to electric shocks. (rElec)
You can survive without breathing.
You are immune to petrification.
You are immune to rotting.


Message History

You see here a poisoned needle.
There is a stone staircase leading up here.
You block Darius099's ghost's attack.
You climb upwards.
There is a stone staircase leading down here.
You start resting.
HP restored.
There is a stone staircase leading down here.
You climb downwards.
Level annotation: Darius099's ghost, amateur TrMo Darius099's ghost hits you!
You block Darius099's ghost's attack.
There is a stone staircase leading up here.
You hit Darius099's ghost but do no damage.
Darius099's ghost hits you.
You closely miss Darius099's ghost. You block Darius099's ghost's attack.
You barely miss Darius099's ghost. Darius099's ghost hits you!
Darius099's ghost hits you but does no damage.
Your shield prevents you from hitting Darius099's ghost.
Darius099's ghost hits you!
You die...

#.##########.#......#
#.# ......#..#.#.#
#.# #.........# #.#
###.#.#..##.# #.#
#....#.......# #.#
#....#######.# #.#
#............#
###.####...######.#.#
#......+...+..#@W.#.#
##..####...##.##..###
#.....'........[.#
#.#####......#...#
#.# ####(..#...# ####
#.# #...#...# #...
#.# #.......# ##
#####.# #.# #.(..#..#
.# #.....# #.#
#..)....##.##.#.....#


You could see Darius099's ghost.

Vanquished Creatures
  An adder (D:2)
  An ooze (D:1)
  3 worms
  2 dart slugs (D:1)
  2 leopard geckos
  A ball python (D:2)
  5 giant cockroaches
  3 goblins
  8 hobgoblins
  5 kobolds
  A quokka (D:2)
  4 bats
  3 frilled lizards
  6 rats
45 creatures vanquished.

Notes
Turn   | Place    | Note
-------+----------+-------------------------------------------
     0 | D:1      | Darius099 the Gargoyle Fighter began the quest for the Orb.
     0 | D:1      | Reached XP level 1. HP: 14/14 MP: 1/1
   186 | D:1      | Reached XP level 2. HP: 19/19 MP: 2/2
   626 | D:1      | Reached XP level 3. HP: 24/24 MP: 3/3
  1053 | D:2      | Reached skill level 4 in Shields
  1171 | D:2      | Reached XP level 4. HP: 28/29 MP: 4/4
  1662 | D:3      | Noticed Darius099's ghost (amateur TrMo)
  1676 | D:3      | HP: 1/29 [Darius099's ghost (6)]
  1992 | D:3      | Slain by Darius099's ghost

Skill      XL: |  1  2  3 |
---------------+----------+-----
Shields        | 4 |  4.1
Fighting       | |  3.7
Maces & Flails | |  2.7
Armour         | |  3.8
Dodging        | |  0.4

Action                   |  1- 3 |  4- 6 || total
-------------------------+-------+-------++-------
Melee: Flail             |   143 |    63 ||   206
  Eat: Bread ration      |     1 |       ||     1
Armor: Scale mail        |    78 |    27 ||   105
Dodge: Dodged            |    55 |    18 ||    73
Block: Shield            |    88 |    55 ||   143
